 Dungeon Crawl Stone Soup version 0.25-a0-583-g696c2ac64d (webtiles) character file.

Game seed: 15810456194121469939, levelgen mode: deterministic

381 An17 the Ruffian (level 6, 0/47 HPs)
             Began as a Draconian Transmuter on Mar 8, 2020.
             Was an Initiate of Cheibriados.
             Slain by a centaur (8 damage)
             ... on level 5 of the Dungeon.
             The game lasted 00:15:15 (3477 turns).

An17 the Ruffian (Draconian Transmuter)             Turns: 3477, Time: 00:15:15

Health: 0/47       AC:  6    Str: 16 (17) XL:     6   Next: 46%
Magic:  10/10      EV: 13    Int: 13 (15) God:    Cheibriados [......]
Gold:   195        SH:  0    Dex: 13      Spells: 1/11 levels left

rFire    . . .     SeeInvis .     - Unarmed
rCold    . . .     Gourm    .   (no shield)
rNeg     . . .     Faith    .   (armour unavailable)
rPois    .         Spirit   .   (helmet restricted)
rElec    .         Reflect  .   (no cloak)
rCorr    .         Harm     .   (no gloves)
MR       .....                  (no boots)
Stlth    +.........             n - amulet of the acrobat
HPRegen  0.15/turn              e - +3 ring of strength
MPRegen  0.12/turn              r - +3 ring of slaying

@: appendage (expiring), very slow
A: unfitting armour, horns 2, cold-blooded, AC +6
a: End Transformation, Bend Time, Renounce Religion


You were on level 5 of the Dungeon.
You worshipped Cheibriados.
Cheibriados was noncommittal.
You were not hungry.
You had grown temporary horns.
You visited 1 branch of the dungeon, and saw 5 of its levels.

You collected 195 gold pieces.

Inventory:

Hand Weapons
 k - a +1 dagger of protection
Missiles
 a - 80 arrows
Jewellery
 e - a +3 ring of strength (left hand)
 n - an amulet of the acrobat (around neck)
 o - an uncursed ring of see invisible
 r - a +3 ring of slaying (right hand)
Scrolls
 h - a scroll of magic mapping
 l - 2 scrolls of enchant armour
 p - a scroll of identify
 q - 2 scrolls of remove curse
Potions
 b - 2 potions of magic {unknown}
 d - 2 potions of brilliance
 f - 3 potions of stabbing
 g - 3 potions of curing {unknown}
 i - a potion of cancellation {unknown}
 j - a potion of ambrosia {unknown}
 m - a potion of might {unknown}
 s - a potion of flight {unknown}
Comestibles
 c - 9 rations


   Skills:
 + Level 1.3 Fighting
 + Level 3.1 Dodging
 + Level 5.5 Unarmed Combat
 + Level 3.0 Spellcasting
 + Level 3.2 Transmutations
 + Level 0.2 Poison Magic


You had one spell level left.
You knew the following spells:

 Your Spells              Type           Power        Failure   Level  Hunger
a - Beastly Appendage     Tmut           ##....       6%          1    #......
b - Sticks to Snakes      Tmut           ##......     9%          2    ###....
c - Spider Form           Tmut/Pois      #.........   32%         3    ###....
d - Ice Form              Ice/Tmut       #.......     75%         4    #####..

Your spell library contained the following spells:

 Spells                   Type           Power        Failure   Level  Hunger
 Blade Hands              Tmut           ##........   86%         5    ######.


Dungeon Overview and Level Annotations

Branches:
Dungeon (5/15)             Temple (0/1) D:4

Altars:
Cheibriados
Okawaru
The Shining One


Innate Abilities, Weirdness & Mutations

Your plain brown scales are hard. (AC +6)
You cannot fit into any form of body armour.
You are cold-blooded and may be slowed by cold attacks.
You have a pair of horns on your head.


Message History

The centaur is moderately wounded.
The centaur barely misses you.
The centaur hits you but does no damage.
You barely miss the centaur. You tail-slap the centaur!
The centaur is severely wounded.
Your transformation is almost over.
The centaur barely misses you.
You hit the centaur.
The centaur is severely wounded.
The centaur completely misses you.
You hit the centaur. Your punch misses the centaur.
The centaur is almost dead.
The centaur hits you!
* * * LOW HITPOINT WARNING * * *
The centaur hits you.
* * * LOW HITPOINT WARNING * * *
You hit the centaur but do no damage.
The centaur is almost dead.
The centaur hits you!
You die...

## ## #. .##
.#.. ... #?#
#.########.#
#..oc@....<#
############


You could see a centaur and an orc.

Vanquished Creatures
  An ogre (D:4)
  A howler monkey (D:4)
  An orc wizard (D:3)
  A bullfrog skeleton (D:4)
  A worker ant (D:4)
  3 gnolls (D:4)
  6 adders
  4 worms
  4 dart slugs
  2 leopard geckos (D:3)
  6 orcs
  9 bats
  3 giant cockroaches
  6 goblins
  10 hobgoblins
  2 jackals (D:3)
  2 quokkas
  2 ball pythons
  3 frilled lizards
  5 kobolds (D:3)
  7 rats
79 creatures vanquished.

Notes
Turn   | Place    | Note
-------+----------+-------------------------------------------
     0 | D:1      | An17 the Draconian Transmuter began the quest for the Orb.
     0 | D:1      | Reached XP level 1. HP: 16/16 MP: 3/3
   245 | D:1      | Reached XP level 2. HP: 20/23 MP: 3/5
   249 | D:1      | Learned a level 2 spell: Sticks to Snakes
   808 | D:2      | Reached XP level 3. HP: 22/28 MP: 6/6
   813 | D:2      | Learned a level 3 spell: Spider Form
  1163 | D:2      | Found a glowing golden altar of the Shining One.
  1213 | D:2      | Reached skill level 4 in Unarmed Combat
  1609 | D:3      | Reached XP level 4. HP: 30/35 MP: 7/7
  2053 | D:3      | Reached XP level 5. HP: 36/40 MP: 6/8
  2456 | D:3      | Found a snail-covered altar of Cheibriados.
  2477 | D:3      | Became a worshipper of Cheibriados the Contemplative
  2795 | D:4      | Reached skill level 5 in Unarmed Combat
  2869 | D:4      | Reached XP level 6. HP: 43/47 MP: 8/10
  2875 | D:4      | Learned a level 4 spell: Ice Form
  2955 | D:4      | Found an iron altar of Okawaru.
  2977 | D:4      | Found a staircase to the Ecumenical Temple.
  3464 | D:5      | Entered Level 5 of the Dungeon
  3477 | D:5      | Slain by a centaur

Levels and vault maps discovered:
D:1:      minmay_arrival_diagonal_passages, layout_basic
D:2:      layout_basic, tso_oasis_becter, mrwooster_statue_mirror
D:3:      layout_basic, lemuel_crystal_altar, minmay_vboxes
D:4:      layout_basic, okawaru_metal_pillars_1_2, temple_pool_b, first_ration
D:5:      layout_loops_ring, kennysheep_mini_moat, cheibrodos_sewer_entry_drain

Skill      XL: |  1  2  3  4  5  6 |
---------------+-------------------+-----
Dodging        | 2 3 |  3.1
Unarmed Combat | 4 5 |  5.5
Transmutations | 3 |  3.2
Spellcasting   | 3 |  3.0
Fighting       | |  1.3
Poison Magic   | |  0.2

Action                   |  1- 3 |  4- 6 || total
-------------------------+-------+-------++-------
Melee: Unarmed           |   123 |   147 ||   270
       Kick              |    12 |     6 ||    18
       Tailslap          |     5 |    13 ||    18
       Headbutt          |     7 |    10 ||    17
       Punch             |     2 |       ||     2
 Cast: Beastly Appendage |    15 |    17 ||    32
       Spider Form       |       |     3 ||     3
  Use: Scroll            |     5 |     4 ||     9
       Potion            |       |     1 ||     1
  Eat: Ration            |     1 |     2 ||     3
       Chunk             |     1 |     1 ||     2
Armor: Skin              |    37 |    32 ||    69
Dodge: Dodged            |    89 |   111 ||   200

Table legend:
 A = Non-vault XP
 B = Vault XP
 C = Vault XP percentage of total XP
 D = Non-vault monster count
 E = Vault monster count
 F = Vault count percentage of total count
                 A         B        C        D         E       F
            +---------+---------+-------+---------+---------+-------
      Total |     524 |      21 |   3.9 |      71 |       8 |  10.1
            +---------+---------+-------+---------+---------+-------
        D:1 |      25 |       0 |   0.0 |      13 |       0 |   0.0
        D:2 |      68 |       0 |   0.0 |      20 |       0 |   0.0
        D:3 |     128 |      21 |  14.1 |      27 |       8 |  22.9
        D:4 |     303 |       0 |   0.0 |      11 |       0 |   0.0
            +---------+---------+-------+---------+---------+-------
